 Dungeon Crawl Stone Soup version 0.31-a0-331-geda263fcf1 (webtiles) character file.

Game seed: 16331378868611911179

8108 cforsyth the Geomancer (level 11, -5/79 HPs)
             Began as a Vampire Earth Elementalist on July 20, 2023.
             Slain by a spark wasp (shapeshifter) (26 damage)
             ... on level 9 of the Dungeon.
             The game lasted 00:25:23 (10996 turns).

cforsyth the Geomancer (VpEE)                      Turns: 10996, Time: 00:25:23

Health: -5/79      AC:  9    Str:  7    XL:     11   Next: 5%
Magic:  16/24      EV: 16    Int: 21    God:
Gold:   1210       SH:  0    Dex: 21    Spells: 24/28 levels left

rFire   + . .        w - +5 falchion "Kosut" {flame, Fragile Dex+5}
rCold   . . .        (no shield)
rNeg    + . .        z - +2 leather armour {rF+}
rPois   .            D - +0 helmet
rElec   .            h - +1 cloak
rCorr   .            (no gloves)
SInv    +            e - +0 pair of boots
Will    +....        (no amulet)
Stlth   ++           l - ring of wizardry
HPRegen 0.53/turn    B - ring of positive energy
MPRegen 0.19/turn

%: wizardry (x1)
@: healing quickly
A: alive, fangs 3, see invisible, vampiric 2
a: Exsanguinate


You were on level 9 of the Dungeon.
You visited 2 branches of the dungeon, and saw 10 of its levels.
You also visited: Ossuary and Bailey.

You collected 1210 gold pieces.

Inventory:

Hand Weapons
 j - the +9 spear of Ufenny {speed, *Corrode rPois Str+5 Int+4}
   (You found it on level 4 of the Dungeon)

   Str:       It affects your strength (+5).
   Int:       It affects your intelligence (+4).
   rPois:     It protects you from poison.
   *Corrode:  It may corrode you when you take damage.
 w - the +5 falchion "Kosut" (weapon) {flame, Fragile Dex+5}
   (You took it off an orc on level 5 of the Dungeon)

   Dex:       It affects your dexterity (+5).
   Fragile:   It will be destroyed if unequipped.
Missiles
 y - 9 throwing nets
Armour
 a - a +0 robe
 e - a +0 pair of boots (worn)
 h - a +1 cloak (worn)
 v - a +1 robe of willpower
 z - a +2 leather armour of fire resistance (worn)
 D - a +0 helmet (worn)
Magical Staves
 n - a staff of poison
Jewellery
 g - a ring of flight
 l - a ring of wizardry (left hand)
 q - a +6 ring of dexterity
 B - a ring of positive energy (right hand)
 F - a +6 ring of intelligence
Wands
 c - a wand of flame (4)
 d - a wand of polymorph (12)
 I - a wand of charming (2)
Scrolls
 i - a scroll of vulnerability {unknown}
 k - a scroll of enchant armour
 p - a scroll of butterflies {unknown}
 r - 4 scrolls of blinking
 t - a scroll of poison
 x - 2 scrolls of teleportation
 E - a scroll of fog
 K - a scroll of brand weapon
Potions
 b - 3 potions of magic
 f - 2 potions of attraction
 m - 2 potions of mutation
 o - a potion of might
 s - 3 potions of haste
 u - a potion of curing
 A - a potion of cancellation
 C - a potion of ambrosia
 G - a potion of berserk rage
 H - a potion of enlightenment {unknown}
 J - a potion of heal wounds
 L - a potion of brilliance {unknown}


   Skills:
 + Level 5.1 Fighting
 + Level 6.8 Dodging
 - Level 3.0 Stealth
 + Level 9.3 Spellcasting
 + Level 4.3 Conjurations
 - Level 1.1 Transmutations
 + Level 10.3 Earth Magic


You had 24 spell levels left.
You knew the following spells:

 Your Spells              Type           Power      Damage    Failure   Level
a - Sandblast             Erth           100%       2d20      1%          1
b - Stone Arrow           Conj/Erth      80%        3d12      1%          3

Your spell library contained the following spells:

 Spells                   Type           Power      Damage    Failure   Level
 Foxfire                  Conj/Fire      72%        2x1d7     1%          1
 Passwall                 Tmut/Erth      27%        N/A       1%          2
 Petrify                  Tmut/Erth      33%        N/A       4%          4
 Lesser Beckoning         Tloc           18%        N/A       6%          2
 Gell's Gravitas          Tloc           9%         N/A       13%         3
 Teleport Other           Tloc           9%         N/A       13%         3
 Starburst                Conj/Fire      9%         6d5       92%         6
 Plasma Beam              Fire/Air       4%         2x1d14    99%         6


Dungeon Overview and Level Annotations

Branches:
Dungeon (9/15)             Temple (1/1) D:7         Ossuary (visited)
 Bailey (visited)
   Lair: D:8-11         Orc: D:9-12

Altars:
Ashenzari
Cheibriados
Dithmenos
Fedhas
Gozag
Hepliaklqana
Makhleb
Nemelex Xobeh
Qazlal
Sif Muna
Trog
Uskayaw
Wu Jian
Xom
Yredelemnul


Innate Abilities, Weirdness & Mutations

Your natural rate of healing is accelerated.
You have razor-sharp teeth.
You have supernaturally acute eyesight. (SInv)
You are afflicted with vampirism and can become a bat while bloodless.


Message History

You hit the orc. You burn the orc. Your bite misses the orc.
The orc is almost dead.
The orc hits you but does no damage. The orc completely misses you.
The death knight hits you with a +0 great sword!!
The orc hits you with a +0 hand axe. The death knight closely misses you.
The orc misses you.
You slash the orc! You burn the orc.
You kill the orc!
The death knight's dark mirror aura disappears.
The death knight barely misses you. The orc hits you with a +0 club.
The death knight attacks as you move away!
The death knight hits you with a +0 great sword!
Found a bubbling inky potion.
Your surroundings suddenly seem different.
A spark wasp comes into view.
Found a scroll of teleportation and a sling.
Casting: Sandblast (safe; 1% risk of failure)
Confirm with . or Enter, or press ? or * to list all spells.
Aiming: Stone Arrow (safe; 1% risk of failure)
Press: ? - help, Shift-Dir - straight line, f - spark wasp
Aim: a spark wasp (wandering, hasn't noticed you, 64% to hit)
The stone arrow hits the spark wasp!
The spark wasp is moderately wounded.
The spark wasp buzzes angrily.
You hear a shout! x3
An orc comes into view. It is wielding a +0 flail.
An orc comes into view.
It is wielding a +0 hand axe and wearing a +1 scale mail of cold resistance.
An orc comes into view. It is wielding a +0 short sword.
Casting: Stone Arrow (safe; 1% risk of failure)
Confirm with . or Enter, or press ? or * to list all spells.
Aiming: Stone Arrow (safe; 1% risk of failure)
Press: ? - help, Shift-Dir - straight line, f/p - spark wasp
Aim: a spark wasp (moderately wounded, 64% to hit)
The stone arrow hits the spark wasp!!
The spark wasp is heavily wounded.
The orc shouts!
The spark wasp stings you. The spark wasp shocks you!
* * * LOW HITPOINT WARNING * * *
An orc comes into view. It is wielding a +1 vampiric hand axe.
The spark wasp stings you!!
You die...

#
#....o.).
#
#....ooo.
#
#....?...
#........
#........
#........
.
#.y......
.#
#@.......
..
#########


You could see a spark wasp and 4 orcs.

Vanquished Creatures
  A skeletal warrior (D:9)
  A manticore (D:9)
  A gargoyle (D:9)
  Psyche (D:8)
  Grinder (D:5)
  Sigmund (D:2)
  2 wyverns
  A slime creature (D:9)
  2 water moccasins
  A black bear (D:8)
  An orc warrior (D:6)
  A sky beast (D:8)
  2 ice beasts
  3 ogres
  3 centaurs
  7 wolves (Bailey)
  2 elf zombies (Ossuary)
  4 phantoms
  2 kobold brigands
  12 gnoll sergeants
  5 scorpions
  A bullfrog (D:7)
  17 wights
  A centaur zombie (Ossuary)
  8 hounds
  10 gnoll boudas
  An orc priest (D:9)
  A sleepcap (D:5)
  A human zombie (Ossuary)
  4 jellies
  Terence (D:3)
  3 iguanas (D:5)
  6 orc wizards
  2 mummies (Ossuary)
  27 gnolls
  8 adders
  3 white imps
  3 ufetubi (D:5)
  2 worms
  A dart slug (D:7)
  28 orcs
  8 ball pythons
  5 endoplasms
  2 giant cockroaches
  3 gnoll zombies (Ossuary)
  7 goblins
  4 hobgoblins
  6 jackals
  6 quokkas
  7 bats
  A frilled lizard (D:1)
  2 goblin zombies (Ossuary)
  2 hobgoblin zombies (Ossuary)
  14 kobolds
  3 orc zombies (Ossuary)
  6 rats
258 creatures vanquished.

Notes
Turn   | Place    | Note
-------+----------+-------------------------------------------
     0 | D:1      | cforsyth the Vampire Earth Elementalist began the quest for
                  | the Orb.
     0 | D:1      | Reached XP level 1. HP: 13/13 MP: 3/3
   160 | D:1      | Found a faded altar of an unknown god.
   598 | D:1      | Reached XP level 2. HP: 19/19 MP: 3/5
  1202 | D:2      | Noticed Sigmund
  1275 | D:2      | Killed Sigmund
  1276 | D:2      | Reached skill level 4 in Earth Magic
  1276 | D:2      | Gained mutation: You are afflicted with vampirism and can
                  | become a bat while bloodless. [Vampire growth]
  1276 | D:2      | Reached XP level 3. HP: 8/24 MP: 0/8
  1276 | D:2      | Reached XP level 4. HP: 10/30 MP: 0/9
  1276 | D:2      | Reached XP level 5. HP: 12/35 MP: 0/10
  1806 | D:3      | Reached skill level 5 in Earth Magic
  1814 | D:3      | Found a basalt altar of Yredelemnul.
  1923 | D:3      | Noticed Terence
  1933 | D:3      | Killed Terence
  2419 | D:4      | Noticed an ogre
  2424 | D:4      | Killed an ogre
  2425 | D:4      | Reached XP level 6. HP: 41/41 MP: 8/12
  2529 | D:4      | Identified the +9 spear of Ufenny {speed, *Corrode rPois
                  | Str+5 Int+4}
  2543 | D:4      | Found a sand-covered staircase.
  2548 | Ossuary  | Entered an ossuary
  2726 | Ossuary  | Learned a level 3 spell: Stone Arrow
  2891 | Ossuary  | Reached skill level 5 in Spellcasting
  2891 | Ossuary  | Reached skill level 6 in Earth Magic
  2891 | Ossuary  | Reached XP level 7. HP: 31/46 MP: 6/14
  3734 | D:5      | Entered Level 5 of the Dungeon
  4064 | D:5      | Reached skill level 7 in Earth Magic
  4196 | D:5      | Reached XP level 8. HP: 42/52 MP: 11/17
  4805 | D:5      | Identified the +5 falchion "Kosut" {flame, Fragile Dex+5}
  4899 | D:5      | Noticed Grinder
  4904 | D:5      | Killed Grinder
  4905 | D:5      | Reached skill level 8 in Earth Magic
  5582 | D:6      | Reached skill level 1 in Fighting
  5642 | D:6      | Reached skill level 1 in Conjurations
  5642 | D:6      | Reached XP level 9. HP: 59/59 MP: 13/20
  6494 | D:6      | Reached skill level 9 in Earth Magic
  6666 | D:6      | Found a broken altar of Ashenzari.
  6744 | D:7      | Found a sparkling altar of Nemelex Xobeh.
  7277 | D:7      | Found a staircase to the Ecumenical Temple.
  7507 | D:7      | Found a snail-covered altar of Cheibriados.
  7675 | D:8      | Reached skill level 5 in Dodging
  7675 | D:8      | Reached XP level 10. HP: 45/70 MP: 18/22
  7730 | D:8      | Noticed Psyche
  7860 | D:8      | Found a flagged portal.
  7870 | Bailey   | Entered a bailey
  9050 | Temple   | Entered the Ecumenical Temple
  9224 | D:8      | Reached skill level 10 in Earth Magic
  9330 | D:8      | Killed Psyche
  9375 | D:9      | Noticed a skeletal warrior
  9385 | D:9      | Killed a skeletal warrior
  9632 | D:9      | Noticed a death knight
  9650 | D:9      | Noticed a gargoyle
  9655 | D:9      | Killed a gargoyle
  9656 | D:9      | Reached skill level 5 in Fighting
  9766 | D:9      | Noticed a manticore
  9974 | D:9      | Killed a manticore
  9975 | D:9      | Reached XP level 11. HP: 79/79 MP: 14/24
 10795 | D:9      | Found a burning altar of Makhleb.
 10843 | D:9      | Noticed an Executioner
 10843 | D:9      | Noticed an angel
 10994 | D:9      | Noticed a spark wasp
 10996 | D:9      | Slain by a spark wasp (shapeshifter)

Illustrated notes

Levels and vault maps discovered:
D:1:      dpeg_arrival_another_circle, layout_loops_ring,
          hellmonk_ecumenical_altar_run_dry, minmay_misc_feat_columns,
          minmay_stone_trees_small, minmay_misc_feat_cross
D:2:      layout_basic, minmay_quantized, uniq_sigmund
D:3:      layout_rooms, mainiacjoe_overflow_paths, minmay_misc_feat_square,
          uniq_terence
D:4:      layout_loops_cross, nicolae_ossuary_entry_false_entrances,
          hangedman_decor_riveting, nrook_campfire, dreamdust_mushroom_princess,
          nicolae_figureground_pulse
D:5:      minmay_razor_zed, layout_rooms, corexii_leaking_fountain, uniq_grinder
D:6:      layout_cave_pools, lemuel_crystal_altar, serial_gnoll_camp,
          gnoll_camp_mini_hut, gnoll_camp_medium_02, gnoll_camp_huts_basic,
          gnoll_camp_mini_hut
D:7:      layout_basic, nicolae_overflow_hidden_temple, kennysheep_slug_shrine,
          minmay_temple_entry_mist
D:8:      nicolae_whirlpool, layout_rooms, enter_bailey_6, uniq_psyche
D:9:      minmay_diamond_stairs, layout_rooms,
          grunt_temple_overflow_order_and_chaos_2, lair_entry_dummy
Temple:   hellmonk_temple_flake

Skill      XL: |  1  2  3  4  5  6  7  8  9 10 |
---------------+-------------------------------+-----
Spellcasting   | 3 4 5 6 7 8 9 |  9.3
Earth Magic    | 4 5 6 7 8 9 10 | 10.3
Fighting       | 1 3 5 |  5.1
Conjurations   | 1 2 4 |  4.3
Dodging        | 5 6 |  6.8
Stealth        | |  3.0
Transmutations | |  1.1

Action                     |  1- 3 |  4- 6 |  7- 9 | 10-12 || total
---------------------------+-------+-------+-------+-------++-------
  Melee: Unarmed           |     1 |     1 |       |       ||     2
         Bite              |       |     1 |       |       ||     1
         Falchion          |       |       |     1 |     3 ||     4
   Cast: Sandblast         |    37 |    85 |   221 |   160 ||   503
         Stone Arrow       |       |       |    20 |    30 ||    50
    Use: Potion            |     2 |       |     1 |     3 ||     6
         Scroll            |       |     3 |     1 |    11 ||    15
   Stab: Sleeping          |       |     1 |       |       ||     1
 Armour: Skin              |     7 |       |       |       ||     7
         Robe              |       |     3 |    29 |       ||    32
         Leather armour    |       |       |    20 |    26 ||    46
  Dodge: Dodged            |     8 |    23 |   142 |   104 ||   277

Table legend: (Time is in decaauts)
 A = Elapsed time spent in this place.
 B = Non-inter-level travel time spent in this place.
 C = Inter-level travel time spent in this place.
 D = Time resting spent in this place.
 E = Time spent auto-exploring this place.
 F = Levels seen in this place.
 G = Mean time per level.
                   A        B        C        D        E       F      G
               +--------+--------+--------+--------+--------+-----+--------+
         Total |  11253 |  10580 |    673 |   1327 |   6598 |  12 |  937.8 |
       Dungeon |   9515 |   8843 |    672 |   1126 |   5727 |   9 | 1057.2 |
        Temple |      1 |      1 |      0 |      0 |      0 |   1 |    1.0 |
       Ossuary |    565 |    565 |      0 |    144 |    228 |   1 |  565.0 |
        Bailey |   1170 |   1170 |      0 |     57 |    643 |   1 | 1170.0 |
               +--------+--------+--------+--------+--------+-----+--------+

Top non-repeatable levels by time:
     D:5: 1689 daAuts
     D:6: 1243 daAuts
  Bailey: 1170 daAuts
     D:7: 1085 daAuts
     D:8: 1054 daAuts
     D:2: 1046 daAuts
     D:4: 1015 daAuts
     D:1: 911 daAuts
     D:9: 806 daAuts
     D:3: 663 daAuts
 Ossuary: 565 daAuts
  Temple: 1 daAuts
